 Dungeon Crawl Stone Soup version 0.27-a0-1334-g2746e35aca (webtiles) character file.

Game seed: 7963652457856096316

330 Delamore the Sneak (level 6, -6/43 HPs)
             Began as an Octopode Brigand on June 26, 2021.
             Mangled by a worm (9 damage)
             ... on level 4 of the Dungeon.
             The game lasted 00:03:36 (4330 turns).

Delamore the Sneak (Octopode Brigand)               Turns: 4330, Time: 00:03:36

Health: -6/43      AC:  2    Str: 10    XL:     6   Next: 51%
Magic:  6/6        EV: 12    Int: 14    God:
Gold:   185        SH:  0    Dex: 15    Spells: 5/5 levels left

rFire    . . .     SeeInvis +   h - +1 dagger (venom)
rCold    . . .     Faith    .   (no shield)
rNeg     . . .     Spirit   .   n - +1 hat
rPois    .         Reflect  .   (no amulet)
rElec    .         Harm     .   k - ring of see invisible
rCorr    +         Rampage  .   q - ring of resist corrosion
Will     .....                  (no ring)
Stlth    ++++......             (no ring)
HPRegen  0.14/turn              (no ring)
MPRegen  0.10/turn              (no ring)
                                (no ring)
                                (no ring)

@: no status effects
A: almost no armour, amphibious, 8 rings, camouflage 1, gelatinous body 1,
(nimble swimmer 1), tentacles
a: no special abilities


You were on level 4 of the Dungeon.
You visited 1 branch of the dungeon, and saw 4 of its levels.
You also visited: Sewer.

You collected 185 gold pieces.

Inventory:

Hand Weapons
 a - a +2 dagger
 h - a +1 dagger of venom (weapon)
Missiles
 b - 13 poisoned darts
 c - 10 curare-tipped darts (quivered)
Armour
 e - a +0 kite shield
 n - a +1 hat (worn)
Jewellery
 k - a ring of see invisible (left tentacle)
 q - a ring of resist corrosion (right tentacle)
Scrolls
 d - a scroll of immolation {unknown}
 g - 4 scrolls of teleportation
 i - a scroll of noise
 p - 2 scrolls of identify {unknown}
 t - 2 scrolls of enchant weapon {unknown}
 v - a scroll of holy word {unknown}
Potions
 f - a potion of attraction {unknown}
 j - 5 potions of heal wounds {unknown}
 l - a potion of degeneration {unknown}
 m - 5 potions of flight {unknown}
 o - a potion of invisibility {unknown}
 s - a potion of cancellation {unknown}
 u - a potion of ambrosia {unknown}


   Skills:
 + Level 3.7 Fighting
 * Level 4.9 Short Blades
 - Level 2.0 Throwing
 - Level 1.0 Dodging
 + Level 6.9 Stealth


You had 5 spell levels left.
You didn't know any spells.
Your spell library was empty.

Dungeon Overview and Level Annotations

Branches:
Dungeon (4/15)              Sewer (visited)
 Temple: D:4-7

Altars:
Nemelex Xobeh


Innate Abilities, Weirdness & Mutations

You cannot wear most types of armour.
You are amphibious.
You can wear up to eight rings at the same time.
Your skin changes colour to match your surroundings (Stealth+).
Your rubbery body absorbs attacks. (AC +1, EV +1)
((You are camouflaged near water. (Stealth+)))
You have tentacles for arms and can constrict up to eight enemies at once.


Message History

The phantom barely misses you.
You hit the phantom.
The phantom is moderately damaged.
The worm bites you.
You hit the phantom but do no damage.
The phantom is moderately damaged.
The phantom misses you.
You hit the worm.
The worm is poisoned.
You grab the worm.
The worm is lightly wounded.
You constrict the worm.
The phantom hits you but does no damage.
The worm bites you.
You hit the worm.
The worm looks as sick as possible!
The worm is moderately wounded.
You constrict the worm. The phantom hits you.
The phantom blinks!
You blink.
You lose your grip on the worm.
You hit the phantom but do no damage. Your squeeze misses the phantom.
The phantom is moderately damaged.
You hit the phantom.
The phantom is moderately damaged.
The phantom hits you but does no damage.
You hit the phantom but do no damage.
The phantom is moderately damaged.
The phantom hits you.
* * * LOW HITPOINT WARNING * * *
The phantom blinks!
You blink.
Aiming: Paralyse
Press: ? - help, Shift-Dir - straight line, f - phantom
Aim: a phantom (moderately damaged, chance to affect: 28%)
The phantom easily resists.
The now-empty wand crumbles to dust.
The phantom barely misses you.
You hit the worm.
The worm looks as sick as possible!
You grab the worm.
The worm is severely wounded.
You constrict the worm. You hit the worm.
The worm is almost dead.
You constrict the worm. The phantom hits you!
* * * LOW HITPOINT WARNING * * *
The worm bites you!
You die...

###########
...## #
#.........#
##... .##
#.........#
##.# #..
#W@.......#
...##..
#.w.......#
...#.#
#.........#
....#
#.........#
...####.
#.........#
)..#.#.#
#.........#
..#.⌠.# #.
#.........#
...#.#.#.#
#.........#
....###.#
+.........+


You could see a phantom and a worm (extremely poisoned).

Vanquished Creatures
  A water moccasin (D:4)
  A scorpion (D:4)
  An orc priest (D:3)
  A gnoll (D:1)
  3 adders (D:3)
  A river rat (D:3)
  An adder skeleton (D:4)
  6 worms
  A dart slug (D:1)
  5 orcs (D:3)
  7 endoplasms
  3 giant cockroaches
  9 goblins
  A hobgoblin (D:2)
  7 jackals
  2 quokkas
  6 ball pythons
  7 bats
  A frilled lizard (Sewer)
  7 kobolds
  6 rats
77 creatures vanquished.

Notes
Turn   | Place    | Note
-------+----------+-------------------------------------------
     0 | D:1      | Delamore the Octopode Brigand began the quest for the Orb.
     0 | D:1      | Reached XP level 1. HP: 14/14 MP: 1/1
   403 | D:1      | Reached XP level 2. HP: 15/19 MP: 2/2
   846 | D:1      | Reached XP level 3. HP: 24/25 MP: 3/3
  1469 | D:2      | Found a faded altar of an unknown god.
  1470 | D:2      | Noticed a great orb of eyes
  1474 | D:2      | Noticed a floating eye
  1480 | D:2      | Noticed an eye of devastation
  1494 | D:2      | Noticed a great orb of eyes
  1928 | D:3      | Found a glowing drain.
  1943 | D:3      | Reached XP level 4. HP: 16/30 MP: 4/4
  1952 | D:3      | Reached skill level 6 in Stealth
  2045 | Sewer    | Entered a sewer
  2714 | Sewer    | Reached XP level 5. HP: 22/36 MP: 5/5
  3695 | D:4      | Noticed a water moccasin
  3709 | D:4      | Killed a water moccasin
  3710 | D:4      | Reached XP level 6. HP: 9/42 MP: 6/6
  4059 | D:4      | Found a sparkling altar of Nemelex Xobeh.
  4330 | D:4      | Mangled by a worm

Illustrated notes

Levels and vault maps discovered:
D:1:      lemuel_arrival_lava_pool, layout_basic
D:2:      layout_basic, hellmonk_ecumenical_altar_watching_god, minivault_19
D:3:      layout_loops_ring, portal_sewer_entry_b,
          amcnicky_mini_corridor_feature, grunt_decor_one_mirror
D:4:      layout_basic, nemelex_xobeh_ov_fountains_minmay,
          grunt_decor_mini_mirrors

Skill      XL: |  1  2  3  4  5 |
---------------+----------------+-----
Short Blades   | 3 4 |  4.9
Stealth        | 6 |  6.9
Fighting       | 3 |  3.7
Throwing       | |  2.0
Dodging        | |  1.0

Action                   |  1- 3 |  4- 6 || total
-------------------------+-------+-------++-------
Melee: Dagger            |    62 |   111 ||   173
       Tentacles         |    10 |    19 ||    29
       Constrict         |    12 |    22 ||    34
Throw: Dart              |       |     4 ||     4
Evoke: Wand              |       |     3 ||     3
  Use: Scroll            |       |     2 ||     2
 Stab: Sleeping          |    14 |     3 ||    17
       Distracted        |     1 |     3 ||     4
       Paralysed         |       |     1 ||     1
Armor: Skin              |     1 |     9 ||    10
Dodge: Dodged            |    28 |    45 ||    73

Table legend: (Time is in decaauts)
 A = Elapsed time spent in this place.
 B = Non-inter-level travel time spent in this place.
 C = Inter-level travel time spent in this place.
 D = Time resting spent in this place.
 E = Time spent auto-exploring this place.
 F = Levels seen in this place.
 G = Mean time per level.
                   A        B        C        D        E       F      G
               +--------+--------+--------+--------+--------+-----+--------+
         Total |   4297 |   4190 |    107 |    808 |   2801 |   5 |  859.4 |
       Dungeon |   3428 |   3321 |    107 |    606 |   2258 |   4 |  857.0 |
         Sewer |    869 |    869 |      0 |    202 |    543 |   1 |  869.0 |
               +--------+--------+--------+--------+--------+-----+--------+

Top non-repeatable levels by time:
     D:3: 1278 daAuts
     D:1: 1151 daAuts
   Sewer: 869 daAuts
     D:2: 576 daAuts
     D:4: 421 daAuts
